 Seeded DCSS version 0.28.0-53-g5a82cb258f (webtiles) character file.

Game seed: 5819556540278030217 (custom seed)

1293 bwicke the Basher (level 8, 0/71 (78) HPs)
             Began as an Ogre Berserker on Aug 10, 2022.
             Was a Believer of Trog.
             Slain by a necrophage (3 damage)
             ... on level 5 of the Dungeon.
             The game lasted 00:11:39 (4672 turns).

bwicke the Basher (Ogre Berserker)                  Turns: 4672, Time: 00:11:39

HP:   0/71 (78)     AC:  3    Str: 24    XL:     8   Next: 56%
MP:   0/8           EV: 10    Int:  8    God:    Trog [**....]
Gold: 159           SH:  0    Dex:  8    Spells: 7/7 levels left

rFire   . . .      SeeInvis .   a - +0 mace
rCold   . . .      Faith    .   (no shield)
rNeg    . . .      Spirit   +   b - +0 animal skin
rPois   +          Reflect  .   (helmet restricted)
rElec   .          Harm     .   (no cloak)
rCorr   .          Rampage  .   (gloves unavailable)
Will    +++..                   (boots unavailable)
Stlth   +.........              u - amulet of guardian spirit
HPRegen 1.21/turn               d - ring of poison resistance
MPRegen 0.11/turn               j - ring of willpower

@: about to teleport, strong-willed, on berserk cooldown, regenerating, slowed,
studying Maces & Flails, drained, very slow
A: large, unfitting armour, tough skin 1
a: Renounce Religion, Berserk, Trog's Hand


You were on level 5 of the Dungeon.
You worshipped Trog.
Trog was pleased with you.
You visited 1 branch of the dungeon, and saw 7 of its levels.

You collected 159 gold pieces.

Inventory:

Hand Weapons
 a - a +0 mace (weapon)
 c - a +0 dagger
 g - a +0 spear
 o - a +3 dagger of draining
 p - a +0 hunting sling
 v - a +0 dagger of venom
 F - a +2 dagger of speed
 G - a +2 vampiric war axe
Missiles
 e - 8 poisoned darts (quivered)
 h - 140 stones
 m - a throwing net
 I - 2 curare-tipped darts
Armour
 b - a +0 animal skin (worn)
Jewellery
 d - a ring of poison resistance (left hand)
 j - a ring of willpower (right hand)
 u - an amulet of guardian spirit (around neck)
Wands
 n - a wand of iceblast (4)
 r - a wand of flame (4)
 s - a wand of polymorph (4)
 w - a wand of mindburst (9)
Scrolls
 q - a scroll of enchant armour
 D - a scroll of blinking {unknown}
 E - a scroll of noise {unknown}
 J - a scroll of fog {unknown}
 K - a scroll of vulnerability {unknown}
Potions
 f - 2 potions of flight {unknown}
 i - a potion of curing {unknown}
 k - a potion of haste {unknown}
 l - a potion of invisibility {unknown}
 x - 3 potions of might {unknown}
 z - a potion of brilliance {unknown}
 A - a potion of lignification {unknown}
 B - a potion of berserk rage {unknown}
 C - a potion of degeneration {unknown}


   Skills:
 - Level 4.0 Fighting
 + Level 14.1 Maces & Flails
 - Level 2.6 Dodging


You had 7 spell levels left.
You didn't know any spells.
Your spell library contained the following spells:

 Spells                   Type           Power      Damage    Failure   Level
 Foxfire                  Conj/Fire      0%         2x1d4     41%         1
 Conjure Flame            Conj/Fire      0%         6-21      78%         3
 Inner Flame              Hex/Fire       0%         N/A       78%         3
 Flame Wave               Conj/Fire      0%         2d4       99%         4


Dungeon Overview and Level Annotations

Branches:
Dungeon (7/15)
 Temple: D:4-7

Altars:
Cheibriados
Yredelemnul


Innate Abilities, Weirdness & Mutations

You are too large for most types of armour.
You have tough skin. (AC +1)


Message History

The necrophage is moderately damaged.
You closely miss the necrophage.
The necrophage is moderately damaged.
You are no longer berserk.
You are exhausted.
You feel yourself slow down. The necrophage barely misses you.
You sock the necrophage!
The necrophage is severely damaged.
Your skin stops crawling.
You feel less strong-willed. The necrophage completely misses you.
The necrophage hits you but does no damage.
The necrophage hits you but does no damage.
There is an open door here.
You sock the necrophage!
The necrophage is moderately damaged.
The necrophage hits you.
* * * LOW HITPOINT WARNING * * *
You feel drained.
You barely miss the necrophage.
The necrophage is moderately damaged.
The necrophage hits you but does no damage.
You hit the necrophage.
The necrophage is moderately damaged.
The necrophage hits you.
* * * LOW HITPOINT WARNING * * *
You barely miss the necrophage.
The necrophage is moderately damaged.
The necrophage hits you.
* * * LOW HITPOINT WARNING * * *
Your skin crawls.
You feel strong-willed. The necrophage hits you.
* * * LOW HITPOINT WARNING * * *
You feel drained.
* * * LOW HITPOINT WARNING * * *
The necrophage hits you.
* * * LOW HITPOINT WARNING * * *
As you read the scroll of teleportation, it crumbles to dust.
You feel strangely unstable. The necrophage hits you.
You die...

#..........# +.+ # #........<>#
#.# ###### #.?........# '.'
#.....
#..........####.###########.....
##..........#_'.).#.............
#..........####.##########......
#..........##.'n'.#######.....>.
#..........####n###.......#.....
#..........# #@###.............
#..........# #.#8#........####.
##........## #.....#.#....# #.
##......## ######......## #(
#####.## #..##...# #. #.#
###.##....#####.
###.#########......##......<
#####..........##..######....#..
#..................# ######..#.


You could see 2 necrophages.

Vanquished Creatures
  Grinder (D:5)
  Prince Ribbit (D:5)
  Sigmund (D:5)
  An orc warrior (D:6)
  A necrophage (D:5)
  Blork the orc (D:5)
  2 water moccasin zombies (D:5)
  A wight (D:5)
  A human zombie (D:5)
  A hound (D:6)
  An orc priest (D:3)
  A bullfrog skeleton (D:5)
  An orc wizard (D:6)
  A mummy (D:5)
  Robin (D:2)
  3 adders
  A worm (D:3)
  3 dart slugs
  3 orcs
  7 ball pythons
  5 bats
  3 endoplasms
  A giant cockroach (D:1)
  15 goblins
  4 hobgoblins
  10 jackals
  7 kobolds
  4 quokkas
  2 frilled lizards
  6 rats
90 creatures vanquished.

Notes
Turn   | Place    | Note
-------+----------+-------------------------------------------
     0 | D:1      | bwicke the Ogre Berserker began the quest for the Orb.
     0 | D:1      | Reached XP level 1. HP: 24/24 MP: 1/1
    42 | D:1      | Reached skill level 3 in Maces & Flails
   191 | D:1      | Reached XP level 2. HP: 22/32 MP: 2/2
   538 | D:1      | Reached XP level 3. HP: 37/39 MP: 3/3
   715 | D:1      | Reached skill level 4 in Maces & Flails
   715 | D:1      | Reached ** piety under Trog
  1523 | D:2      | Reached XP level 4. HP: 26/48 MP: 4/4
  1673 | D:2      | Found a snail-covered altar of Cheibriados.
  1792 | D:2      | Noticed Robin
  1812 | D:2      | Killed Robin
  2640 | D:2      | Found a faded altar of an unknown god.
  2874 | D:2      | Reached skill level 11 in Maces & Flails
  2874 | D:2      | Reached XP level 5. HP: 54/54 MP: 5/5
  2932 | D:2      | Identified a scroll of acquirement
  2932 | D:2      | Acquired a manual of Maces & Flails
  3026 | D:3      | Reached XP level 6. HP: 32/62 MP: 2/6
  3662 | D:4      | You fall into a shaft and drop 3 floors!
  3662 | D:7      | Noticed a sky beast
  3668 | D:6      | Noticed an orc warrior
  3681 | D:6      | Killed an orc warrior
  3815 | D:6      | Reached skill level 12 in Maces & Flails
  3823 | D:5      | Entered Level 5 of the Dungeon
  3823 | D:5      | Noticed Blork the orc
  3832 | D:5      | Reached XP level 7. HP: 70/70 MP: 5/7
  3837 | D:5      | Killed Blork the orc
  4001 | D:5      | Noticed Prince Ribbit
  4008 | D:5      | Killed Prince Ribbit
  4090 | D:5      | Noticed Sigmund
  4100 | D:5      | Killed Sigmund
  4101 | D:5      | Reached skill level 13 in Maces & Flails
  4101 | D:5      | Reached XP level 8. HP: 78/78 MP: 6/8
  4336 | D:5      | Noticed Grinder
  4359 | D:5      | Killed Grinder
  4652 | D:5      | Reached skill level 14 in Maces & Flails
  4652 | D:5      | Found a basalt altar of Yredelemnul.
  4671 | D:5      | HP: 2/71 [necrophage (4)]
  4672 | D:5      | Slain by a necrophage

Illustrated notes

Levels and vault maps discovered:
D:1:      evilmike_arrival_hilbert_curve, layout_basic,
          minmay_misc_feat_more_columns, minmay_pentomino_t4
D:2:      layout_loops_ring, shapermc_ecumenical_altar_notcrosses, basic_altar,
          hangedman_decor_opposing, uniq_robin
D:3:      layout_rooms, hangedman_decor_push
D:4:      layout_loops_ring, minmay_temple_entry_proselytizer, uniq_ijyb
D:5:      layout_rooms, lemuel_mausoleum_altar_yredelemnul, uniq_sigmund,
          uniq_prince_ribbit1, uniq_blork_the_orc, uniq_grinder
D:6:      layout_basic
D:7:      layout_basic, st_stairs_2, kennysheep_small_square

Skill      XL: |  1  2  3  4  5  6  7  8 |
---------------+-------------------------+-----
Maces & Flails | 3 4 11 12 13 14 | 14.1
Fighting       | |  4.0
Dodging        | |  2.6

Action                   |  1- 3 |  4- 6 |  7- 9 || total
-------------------------+-------+-------+-------++-------
Melee: Mace              |   121 |   135 |    60 ||   316
       Punch             |     1 |     1 |     1 ||     3
       War axe           |       |       |    34 ||    34
Throw: Dart              |       |     3 |     2 ||     5
Invok: Trog's Hand       |       |     1 |     2 ||     3
       Berserk           |       |     2 |     3 ||     5
  Use: Potion            |       |     1 |       ||     1
       Scroll            |       |     3 |     3 ||     6
Armor: Animal skin       |    54 |    25 |    11 ||    90
Dodge: Dodged            |    98 |    59 |    21 ||   178
